General information
- name: BNet
- type: Ladder team game (AT/RT)
- host: Battle.net
- saver: GODSTOPPINGFUN
map: TwilightRuins
- players: 8
- length: 59:50
- speed: Fast
- version: 1.26 W3XP
- replay type: Public
» download(329 KB)
Players
team 1 (winner)

»
tacos (
green | 51 APM | 2662 actions | 52:36)
8 Mountain King
3 Storm Bolt
3 Bash
1 Thunder Clap
1 Avatar
3 Paladin
1 Holy Light
1 Divine Shield
1 Devotion Aura
3 Archmage
1 Blizzard
1 Brilliance Aura
1 Summon Water Elemental
» actions
| Assign group hotkey | 21 | |
| Basic commands | 12 | |
| Build / train | 93 | |
| ESC pressed | 2 | |
| Enter build submenu | 31 | |
| Enter hero's abilities submenu | 14 | |
| Give item / drop item | 6 | |
| Remove unit from queue | 2 | |
| Right click | 1231 | |
| Select / deselect | 677 | |
| Select group hotkey | 385 | |
| Use ability | 187 | |
2662 total
» units
| Peasant | 14 | |
| Footman | 8 | |
| Goblin Shredder | 1 | |
| Priest | 4 | |
| Goblin Sapper | 3 | |
| Knight | 5 | |
35 total
» upgrades
| Defend | 1 | |
| Masonry | 3 | |
| Swords | 3 | |
| Plating | 3 | |
| Priest Training | 2 | |
| Animal War Training | 1 | |
13 total
» buildings
| Barracks | 3 | |
| Farm | 10 | |
| Altar of Kings | 1 | |
| Lumber Mill | 1 | |
| Scout Tower | 10 | |
| Arcane Vault | 1 | |
| Arcane Tower | 2 | |
| Town Hall | 2 | |
| Keep | 1 | |
| Guard Tower | 4 | |
| Castle | 1 | |
| Arcane Sanctum | 2 | |
| Blacksmith | 1 | |
39 total
» build order
00:12 Barracks
00:20 Farm
00:51 Altar of Kings
00:58 Farm
01:32 Lumber Mill
01:58 Farm
02:14 Scout Tower
02:49 Arcane Vault
03:45 Arcane Tower
03:48 Farm
04:04 Scout Tower
04:50 Town Hall
05:20 Keep
05:25 Scout Tower
05:56 Guard Tower
06:24 Scout Tower
06:24 Scout Tower
07:19 Guard Tower
08:34 Castle
08:58 Arcane Sanctum
09:07 Blacksmith
09:24 Barracks
09:30 Farm
09:30 Farm
09:30 Farm
09:59 Arcane Sanctum
10:29 Scout Tower
10:29 Scout Tower
11:05 Arcane Tower
11:28 Guard Tower
12:19 Barracks
13:05 Farm
13:05 Farm
19:03 Farm
19:04 Scout Tower
19:05 Scout Tower
20:15 Town Hall
20:40 Guard Tower
21:26 Scout Tower
» items
| Boots of Speed | 2 | |
| Scroll of Regeneration | 5 | |
| Lesser Clarity Potion | 1 | |
| Staff of Teleportation | 3 | |
| Scroll of Protection | 1 | |
| Scroll of Town Portal | 3 | |
| Orb of Fire | 2 | |
| Healing Wards | 1 | |
18 total

»
sobom (
teal | 84 APM | 3110 actions | 36:53)
5 Warden
3 Fan of Knives
1 Shadow Strike
1 Spirit of Vengeance
4 Priestess of the Moon
2 Trueshot Aura
2 Searing Arrows
» actions
| Assign group hotkey | 48 | |
| Basic commands | 8 | |
| Build / train | 102 | |
| ESC pressed | 8 | |
| Enter build submenu | 32 | |
| Enter hero's abilities submenu | 10 | |
| Give item / drop item | 1 | |
| Right click | 994 | |
| Select / deselect | 599 | |
| Select group hotkey | 1223 | |
| Use ability | 84 | |
3110 total
» units
| Wisp | 31 | |
| Archer | 7 | |
| Huntress | 6 | |
| Dryad | 12 | |
| Glaive Thrower | 7 | |
| Hippogryph | 12 | |
75 total
» upgrades
| Strength of the Moon | 3 | |
| Moon Armor | 1 | |
| Nature's Blessing | 1 | |
| Abolish Magic | 1 | |
| Vorpal Blades | 1 | |
| Strength of the Wild | 2 | |
| Reinforced Hides | 1 | |
10 total
» buildings
| Moon Well | 7 | |
| Altar of Elders | 1 | |
| Ancient of War | 2 | |
| Hunter's Hall | 1 | |
| Ancient of Wonders | 1 | |
| Tree of Life | 2 | |
| Ancient Protector | 7 | |
| Tree of Ages | 1 | |
| Ancient of Wind | 3 | |
| Ancient of Lore | 1 | |
| Tree of Eternity | 1 | |
27 total
» build order
00:22 Moon Well
00:52 Altar of Elders
01:05 Ancient of War
01:24 Moon Well
02:47 Hunter's Hall
03:27 Moon Well
04:16 Ancient of Wonders
05:41 Moon Well
05:56 Tree of Life
06:17 Ancient Protector
06:20 Ancient Protector
06:26 Ancient Protector
07:03 Tree of Ages
08:08 Moon Well
10:01 Ancient of Wind
10:14 Ancient of Lore
10:49 Ancient of War
12:38 Moon Well
13:25 Ancient Protector
13:27 Ancient Protector
13:30 Ancient Protector
14:38 Ancient of Wind
14:50 Ancient of Wind
17:53 Ancient Protector
19:18 Tree of Eternity
19:57 Tree of Life
24:22 Moon Well
» items
| Scroll of Town Portal | 2 | |
| Potion of Healing | 1 | |
3 total

»
F_U_C_K (
orange | 30 APM | 1774 actions | 59:50)
5 Demon Hunter
3 Immolation
2 Evasion
» actions
| Assign group hotkey | 12 | |
| Basic commands | 249 | |
| Build / train | 63 | |
| Enter build submenu | 16 | |
| Enter hero's abilities submenu | 5 | |
| Give item / drop item | 2 | |
| Right click | 536 | |
| Select / deselect | 323 | |
| Select group hotkey | 505 | |
| Use ability | 63 | |
1774 total
» units
| Wisp | 12 | |
| Huntress | 6 | |
| Chimaera | 8 | |
| Hippogryph | 10 | |
36 total
» upgrades
| Ultravision | 1 | |
| Strength of the Wild | 3 | |
| Reinforced Hides | 2 | |
| Corrosive Breath | 1 | |
| Well Spring | 1 | |
8 total
» buildings
| Altar of Elders | 1 | |
| Moon Well | 8 | |
| Hunter's Hall | 1 | |
| Ancient of War | 2 | |
| Tree of Ages | 1 | |
| Tree of Eternity | 1 | |
| Ancient of Wind | 1 | |
| Chimaera Roost | 3 | |
| Ancient of Wonders | 1 | |
19 total
» build order
00:21 Altar of Elders
00:35 Moon Well
01:14 Hunter's Hall
01:43 Ancient of War
01:52 Ancient of War
02:21 Moon Well
02:44 Moon Well
06:09 Tree of Ages
08:49 Tree of Eternity
08:52 Ancient of Wind
09:37 Moon Well
09:38 Moon Well
09:39 Moon Well
09:41 Moon Well
09:42 Moon Well
11:19 Chimaera Roost
11:21 Chimaera Roost
11:25 Chimaera Roost
15:39 Ancient of Wonders
» items
| Boots of Speed | 1 | |
| Periapt of Vitality | 1 | |
| Circlet of Nobility | 1 | |
| Potion of Lesser Invulnerability | 1 | |
| Scroll of Town Portal | 5 | |
| Potion of Invisibility | 1 | |
10 total
ForestDweller (
blue | 42 APM | 2528 actions | 59:45)
» actions
| Assign group hotkey | 141 | |
| Basic commands | 101 | |
| Build / train | 227 | |
| Enter build submenu | 135 | |
| Enter hero's abilities submenu | 2 | |
| Remove unit from queue | 5 | |
| Right click | 825 | |
| Select / deselect | 598 | |
| Select group hotkey | 175 | |
| Use ability | 319 | |
2528 total
» units
| Wisp | 171 | |
| Goblin Shredder | 1 | |
| Hippogryph | 6 | |
| Goblin Sapper | 12 | |
| Goblin Zeppelin | 5 | |
| Chimaera | 10 | |
205 total
» upgrades
| Ultravision | 1 | |
| Strength of the Wild | 3 | |
| Reinforced Hides | 3 | |
| Nature's Blessing | 1 | |
| Well Spring | 1 | |
| Corrosive Breath | 1 | |
10 total
» buildings
| Moon Well | 7 | |
| Hunter's Hall | 1 | |
| Tree of Life | 7 | |
| Ancient Protector | 108 | |
| Tree of Ages | 1 | |
| Altar of Elders | 2 | |
| Ancient of Wind | 4 | |
| Tree of Eternity | 1 | |
| Chimaera Roost | 4 | |
135 total
» build order
00:12 Moon Well
00:56 Moon Well
01:40 Hunter's Hall
02:21 Tree of Life
03:18 Ancient Protector
03:26 Ancient Protector
03:29 Ancient Protector
05:33 Tree of Ages
07:03 Ancient Protector
07:06 Ancient Protector
07:08 Ancient Protector
09:05 Ancient Protector
09:05 Ancient Protector
09:06 Ancient Protector
09:06 Ancient Protector
09:07 Ancient Protector
09:07 Ancient Protector
09:08 Ancient Protector
09:09 Ancient Protector
09:14 Ancient Protector
10:42 Ancient Protector
10:42 Ancient Protector
10:43 Ancient Protector
10:43 Ancient Protector
10:44 Ancient Protector
10:44 Ancient Protector
10:54 Ancient Protector
12:04 Altar of Elders
12:06 Altar of Elders
12:42 Ancient of Wind
12:43 Ancient of Wind
12:43 Ancient of Wind
12:44 Ancient of Wind
12:52 Moon Well
12:55 Moon Well
12:55 Moon Well
12:55 Moon Well
13:05 Moon Well
13:36 Tree of Eternity
13:58 Ancient Protector
13:59 Ancient Protector
14:00 Ancient Protector
14:01 Ancient Protector
14:02 Ancient Protector
14:04 Ancient Protector
14:05 Ancient Protector
14:12 Ancient Protector
14:12 Ancient Protector
14:19 Ancient Protector
18:24 Ancient Protector
18:24 Ancient Protector
18:24 Ancient Protector
18:25 Ancient Protector
18:26 Ancient Protector
18:26 Ancient Protector
18:27 Ancient Protector
18:27 Ancient Protector
18:27 Ancient Protector
18:33 Ancient Protector
18:35 Ancient Protector
18:36 Ancient Protector
18:38 Ancient Protector
18:39 Ancient Protector
18:42 Ancient Protector
18:46 Ancient Protector
20:59 Tree of Life
21:19 Tree of Life
21:20 Ancient Protector
21:22 Ancient Protector
21:23 Ancient Protector
21:25 Ancient Protector
21:40 Tree of Life
21:41 Ancient Protector
21:42 Ancient Protector
21:43 Ancient Protector
21:44 Ancient Protector
21:51 Tree of Life
21:54 Ancient Protector
22:41 Ancient Protector
22:42 Ancient Protector
23:14 Ancient Protector
23:15 Ancient Protector
26:38 Ancient Protector
26:39 Ancient Protector
26:39 Ancient Protector
26:39 Ancient Protector
26:41 Ancient Protector
26:42 Ancient Protector
26:42 Ancient Protector
26:53 Ancient Protector
26:54 Ancient Protector
26:54 Ancient Protector
27:03 Ancient Protector
27:03 Ancient Protector
27:03 Ancient Protector
27:04 Ancient Protector
27:06 Ancient Protector
27:20 Ancient Protector
27:21 Ancient Protector
27:33 Ancient Protector
27:33 Ancient Protector
27:34 Ancient Protector
27:35 Ancient Protector
27:35 Ancient Protector
27:36 Ancient Protector
27:36 Ancient Protector
28:55 Ancient Protector
28:58 Ancient Protector
28:58 Ancient Protector
29:00 Ancient Protector
29:02 Ancient Protector
32:24 Ancient Protector
32:25 Ancient Protector
32:25 Ancient Protector
32:27 Ancient Protector
32:27 Ancient Protector
32:32 Ancient Protector
32:33 Ancient Protector
32:33 Ancient Protector
32:33 Ancient Protector
32:35 Ancient Protector
32:42 Ancient Protector
32:50 Ancient Protector
32:51 Ancient Protector
32:52 Ancient Protector
33:15 Ancient Protector
33:16 Ancient Protector
35:01 Chimaera Roost
35:02 Chimaera Roost
35:03 Chimaera Roost
35:04 Chimaera Roost
37:11 Tree of Life
37:16 Ancient Protector
37:17 Ancient Protector
44:02 Tree of Life
» items
| Boots of Speed | 1 | |
| Staff of Teleportation | 1 | |
| Periapt of Vitality | 1 | |
| Potion of Lesser Invulnerability | 1 | |
4 total
team 2 (loser)
LINFINITE (
red | 64 APM | 3821 actions | 59:50)
8 Keeper of the Grove
3 Entangling Roots
3 Thorns Aura
1 Tranquility
1 Force of Nature
7 Priestess of the Moon
3 Trueshot Aura
3 Searing Arrows
1 Starfall
» actions
| Assign group hotkey | 42 | |
| Basic commands | 7 | |
| Build / train | 94 | |
| Enter build submenu | 30 | |
| Enter hero's abilities submenu | 15 | |
| Give item / drop item | 2 | |
| Remove unit from queue | 1 | |
| Right click | 2151 | |
| Select / deselect | 254 | |
| Select group hotkey | 1108 | |
| Use ability | 117 | |
3821 total
» units
» upgrades
| Strength of the Moon | 1 | |
| Reinforced Hides | 2 | |
| Strength of the Wild | 1 | |
| Upgrade Moon Glaive | 1 | |
| Abolish Magic | 1 | |
| Well Spring | 1 | |
| Druid of the Claw Training | 2 | |
9 total
» buildings
| Altar of Elders | 1 | |
| Moon Well | 11 | |
| Hunter's Hall | 2 | |
| Ancient of War | 4 | |
| Tree of Life | 5 | |
| Tree of Ages | 4 | |
| Ancient of Wonders | 2 | |
| Ancient Protector | 3 | |
| Tree of Eternity | 2 | |
| Ancient of Lore | 2 | |
36 total
» build order
00:11 Altar of Elders
00:17 Moon Well
01:23 Hunter's Hall
01:46 Ancient of War
02:03 Moon Well
02:22 Ancient of War
02:43 Moon Well
04:39 Tree of Life
05:29 Moon Well
06:01 Tree of Ages
06:18 Ancient of Wonders
09:40 Ancient Protector
09:42 Ancient Protector
09:53 Tree of Eternity
10:55 Ancient of Lore
11:43 Moon Well
12:23 Moon Well
13:37 Ancient of Lore
18:49 Tree of Ages
18:50 Tree of Ages
18:56 Tree of Life
22:42 Tree of Life
24:50 Moon Well
24:51 Moon Well
25:45 Moon Well
25:46 Moon Well
26:36 Moon Well
26:40 Hunter's Hall
27:41 Ancient of Wonders
28:39 Ancient Protector
29:30 Tree of Life
30:14 Ancient of War
30:19 Ancient of War
32:57 Tree of Life
» items
| Lesser Clarity Potion | 1 | |
| Moonstone | 1 | |
| Scroll of Protection | 1 | |
| Scroll of Healing | 2 | |
| Orb of Venom | 1 | |
| Potion of Healing | 1 | |
| Scroll of Town Portal | 4 | |
| Potion of Lesser Invulnerability | 1 | |
12 total

»
Blah (
purple | 50 APM | 2392 actions | 48:04)
7 Keeper of the Grove
3 Entangling Roots
3 Thorns Aura
1 Tranquility
5 Priestess of the Moon
3 Trueshot Aura
2 Scout
» actions
| Assign group hotkey | 48 | |
| Build / train | 107 | |
| ESC pressed | 4 | |
| Enter build submenu | 38 | |
| Enter hero's abilities submenu | 12 | |
| Right click | 829 | |
| Select / deselect | 467 | |
| Select group hotkey | 787 | |
| Use ability | 100 | |
2392 total
» units
| Wisp | 38 | |
| Archer | 10 | |
| Huntress | 17 | |
| Goblin Zeppelin | 2 | |
| Goblin Shredder | 1 | |
| Glaive Thrower | 7 | |
75 total
» upgrades
| Strength of the Moon | 3 | |
| Sentinel | 1 | |
| Well Spring | 1 | |
| Upgrade Moon Glaive | 1 | |
| Ultravision | 1 | |
| Moon Armor | 1 | |
| Vorpal Blades | 1 | |
9 total
» buildings
| Altar of Elders | 2 | |
| Moon Well | 13 | |
| Ancient of War | 6 | |
| Tree of Life | 7 | |
| Tree of Ages | 2 | |
| Hunter's Hall | 2 | |
| Tree of Eternity | 2 | |
| Ancient of Wonders | 1 | |
35 total
» build order
00:08 Altar of Elders
00:10 Moon Well
01:04 Ancient of War
01:20 Moon Well
02:26 Moon Well
03:21 Moon Well
04:10 Tree of Life
05:00 Tree of Ages
06:14 Hunter's Hall
06:25 Ancient of War
06:55 Tree of Life
07:24 Tree of Eternity
10:13 Moon Well
10:24 Ancient of Wonders
10:54 Tree of Life
11:57 Moon Well
15:23 Ancient of War
16:37 Moon Well
25:37 Tree of Life
25:41 Altar of Elders
25:42 Moon Well
25:44 Moon Well
26:34 Moon Well
26:38 Moon Well
27:12 Moon Well
28:07 Hunter's Hall
30:24 Ancient of War
30:27 Ancient of War
30:29 Tree of Ages
30:47 Ancient of War
32:49 Tree of Life
32:56 Tree of Eternity
36:29 Moon Well
39:12 Tree of Life
39:17 Tree of Life
» items
| Anti-magic Potion | 1 | |
| Potion of Lesser Invulnerability | 1 | |
| Scroll of Town Portal | 1 | |
| Staff of Sanctuary | 1 | |
4 total
I_Luv_big_boobs (
yellow | 28 APM | 563 actions | 20:24)
4 Demon Hunter
2 Immolation
2 Evasion
» actions
| Basic commands | 13 | |
| Build / train | 57 | |
| Enter build submenu | 28 | |
| Enter hero's abilities submenu | 4 | |
| Right click | 188 | |
| Select / deselect | 214 | |
| Use ability | 59 | |
563 total
» units
| Wisp | 21 | |
| Chimaera | 8 | |
| Goblin Shredder | 1 | |
| Hippogryph | 7 | |
| Druid of the Talon | 3 | |
40 total
» upgrades
| Strength of the Wild | 3 | |
| Corrosive Breath | 1 | |
| Reinforced Hides | 3 | |
| Nature's Blessing | 1 | |
| Well Spring | 1 | |
9 total
» buildings
| Altar of Elders | 1 | |
| Moon Well | 9 | |
| Tree of Ages | 1 | |
| Hunter's Hall | 1 | |
| Tree of Eternity | 1 | |
| Ancient of Wind | 2 | |
| Chimaera Roost | 4 | |
| Tree of Life | 2 | |
| Ancient Protector | 6 | |
| Ancient of Wonders | 1 | |
28 total
» build order
00:31 Altar of Elders
00:37 Moon Well
01:53 Moon Well
01:57 Moon Well
02:45 Tree of Ages
02:59 Moon Well
03:33 Moon Well
03:55 Hunter's Hall
04:33 Moon Well
05:08 Tree of Eternity
05:14 Ancient of Wind
05:43 Moon Well
07:56 Chimaera Roost
08:07 Chimaera Roost
08:20 Chimaera Roost
08:44 Chimaera Roost
09:21 Tree of Life
11:25 Moon Well
12:12 Tree of Life
12:43 Moon Well
12:58 Ancient Protector
14:28 Ancient Protector
14:32 Ancient Protector
15:43 Ancient of Wind
18:20 Ancient Protector
18:27 Ancient Protector
18:33 Ancient Protector
20:13 Ancient of Wonders
GODSTOPPINGFUN (
pink | 65 APM | 3875 actions | 59:50)
10 Archmage
3 Summon Water Elemental
3 Brilliance Aura
1 Mass Teleport
3 Blizzard
» actions
| Assign group hotkey | 74 | |
| Basic commands | 113 | |
| Build / train | 128 | |
| Enter build submenu | 27 | |
| Enter hero's abilities submenu | 10 | |
| Give item / drop item | 3 | |
| Remove unit from queue | 4 | |
| Right click | 1353 | |
| Select / deselect | 457 | |
| Select group hotkey | 1456 | |
| Use ability | 250 | |
3875 total
» units
| Peasant | 16 | |
| Footman | 5 | |
| Goblin Shredder | 2 | |
| Gryphon Rider | 3 | |
| Goblin Sapper | 18 | |
| Dragonhawk Rider | 6 | |
| Goblin Zeppelin | 5 | |
55 total
» upgrades
| Lumber Harvesting | 1 | |
| Masonry | 3 | |
| Animal War Training | 1 | |
| Swords | 3 | |
| Armor | 2 | |
| Storm Hammers | 1 | |
| Cloud | 1 | |
12 total
» buildings
| Altar of Kings | 1 | |
| Barracks | 1 | |
| Farm | 15 | |
| Lumber Mill | 1 | |
| Scout Tower | 33 | |
| Town Hall | 2 | |
| Keep | 1 | |
| Arcane Vault | 1 | |
| Arcane Tower | 2 | |
| Guard Tower | 18 | |
| Gryphon Aviary | 3 | |
| Castle | 1 | |
| Blacksmith | 1 | |
80 total
» build order
00:06 Altar of Kings
00:20 Barracks
00:36 Farm
00:50 Farm
04:35 Farm
05:11 Lumber Mill
05:14 Scout Tower
05:19 Town Hall
05:21 Scout Tower
05:21 Scout Tower
05:22 Scout Tower
05:31 Keep
05:36 Arcane Vault
05:59 Arcane Tower
06:18 Guard Tower
06:48 Arcane Tower
07:10 Guard Tower
07:11 Guard Tower
07:11 Guard Tower
09:16 Gryphon Aviary
09:51 Castle
10:47 Gryphon Aviary
12:41 Farm
12:42 Farm
12:42 Farm
12:42 Farm
12:43 Farm
12:44 Farm
12:48 Blacksmith
12:55 Scout Tower
12:56 Scout Tower
12:56 Scout Tower
12:57 Scout Tower
13:17 Gryphon Aviary
13:27 Guard Tower
14:47 Scout Tower
14:47 Scout Tower
14:48 Scout Tower
14:48 Scout Tower
14:49 Scout Tower
14:50 Scout Tower
15:40 Guard Tower
15:58 Guard Tower
15:59 Guard Tower
16:31 Farm
16:32 Farm
18:58 Scout Tower
18:58 Scout Tower
18:59 Scout Tower
19:00 Scout Tower
19:00 Scout Tower
19:00 Scout Tower
19:02 Scout Tower
19:03 Scout Tower
19:31 Guard Tower
20:07 Guard Tower
20:47 Guard Tower
23:18 Guard Tower
25:35 Farm
25:36 Farm
25:36 Farm
27:14 Town Hall
27:15 Scout Tower
27:16 Scout Tower
27:16 Scout Tower
27:30 Farm
28:05 Guard Tower
30:45 Scout Tower
30:46 Scout Tower
30:46 Scout Tower
30:46 Scout Tower
30:47 Scout Tower
30:47 Scout Tower
30:48 Scout Tower
31:27 Guard Tower
32:06 Guard Tower
» items
| Boots of Speed | 1 | |
| Staff of Teleportation | 1 | |
| Scroll of Regeneration | 6 | |
| Potion of Healing | 5 | |
| Scroll of Town Portal | 3 | |
| Staff of Sanctuary | 1 | |
| Potion of Lesser Invulnerability | 1 | |
18 total
Chat log
(00:12 / All) GODSTOPPINGFUN: pats or hawks'
(00:20 / All) Blah: GO SEAHAWKS
(00:29 / All) ForestDweller: I am a patriot to forested lands
(00:29 / All) LINFINITE: i hate the pats
(00:34 / All) Blah: and i like big tits too. Denise Milani rocks
(00:52 / All) F_U_C_K: <
(00:59 / All) GODSTOPPINGFUN: whose denise meline
(01:11 / All) Blah: Model with HUGE tits.
(01:29 / All) I_Luv_big_boobs: big tits juicy pussy. im down
(01:59 / All) Blah: and Seahaks made history witht hat comback. they will do so again.
(05:49 / Allies) GODSTOPPINGFUN: wood i was taking a shit
(06:39 / Allies) GODSTOPPINGFUN: red come here
(06:40 / Allies) Blah: outstanding.
(06:41 / Allies) GODSTOPPINGFUN: defend my expo
(07:42 / All) GODSTOPPINGFUN: try hard nigger
(08:46 / Allies) LINFINITE: im b
(09:08 / Allies) GODSTOPPINGFUN: defend my expo if htey hit
(11:55 / Allies) LINFINITE: im going to need help
(11:56 / Allies) LINFINITE: in a sec
(17:45 / Allies) I_Luv_big_boobs: red help out
(18:43 / Allies) LINFINITE: wow
(18:51 / Allies) Blah: NO REPAIR FTW
(19:23 / Allies) GODSTOPPINGFUN: help yelow
(19:26 / Allies) I_Luv_big_boobs: thanks red
(19:35 / Allies) I_Luv_big_boobs: help with what pink? ive been under atatck
(20:20 / All) I_Luv_big_boobs: fucking nub team
(21:12 / All) Blah: woopsies.
(22:31 / All) tacos: fucking retarded team
(24:16 / Allies) LINFINITE: grabbing a tp
(26:02 / All) F_U_C_K: gj you guys have blue on your team too
(26:17 / All) Blah: lol
(26:20 / All) GODSTOPPINGFUN: i freaking
(26:22 / All) GODSTOPPINGFUN: killed 3 armies
(26:23 / All) GODSTOPPINGFUN: this game
(26:36 / All) tacos: yup, 4v1 on me was cool
(26:40 / All) tacos: take pride in that
(27:04 / All) Blah: hey cant help ur teammates
(27:49 / All) GODSTOPPINGFUN: y was oj obsessed with hitting me
(27:51 / All) GODSTOPPINGFUN: and green too
(27:52 / All) GODSTOPPINGFUN: all game
(27:55 / All) GODSTOPPINGFUN: i had to defend myself
(28:11 / Allies) Blah: lol.
(28:13 / All) Blah: lol
(28:32 / All) tacos: hurry up, blue is just making more and more towers
(28:42 / All) ForestDweller: I'm going as fast as I can
(28:45 / All) ForestDweller: Calm down, simpleton
(29:02 / Allies) LINFINITE: why?
(29:05 / Allies) GODSTOPPINGFUN: hmm?
(29:15 / Allies) LINFINITE: you're annoying.
(29:43 / Allies) Blah: wouldnt mind so much but the he only targets yuou....lol
(29:54 / Allies) GODSTOPPINGFUN: wut u mean
(30:00 / All) ForestDweller: Come into the forest
(30:11 / All) sobom: wat a shitty game
(30:14 / Allies) Blah: lost expos, 3 times. u aint the only one. lol
(31:48 / All) GODSTOPPINGFUN: bad boy oj
(31:51 / All) GODSTOPPINGFUN: this is for hitting my base
(31:52 / All) GODSTOPPINGFUN: all game
(31:59 / All) F_U_C_K: lol
(32:02 / All) F_U_C_K: oh tough guy
(32:05 / All) F_U_C_K: lmfoa
(32:11 / All) GODSTOPPINGFUN: dont piss off the lion
(32:19 / All) F_U_C_K: lol
(32:22 / All) F_U_C_K: you pussy cat
(34:12 / All) GODSTOPPINGFUN: a lion does not concern himself with a sheep
(34:31 / All) Blah: dont think he likes you much
(36:03 / All) GODSTOPPINGFUN: teal where u at homeboy
(36:12 / All) sobom: wat?
(40:07 / All) Blah: sigh...between blue and pink this is a extrondinarly stupid game
(40:12 / All) GODSTOPPINGFUN: lawl
(40:18 / All) ForestDweller: Hehe
(40:41 / All) tacos: Yellow is pretty dumb too
(40:48 / All) GODSTOPPINGFUN: he left
(40:48 / All) LINFINITE: hes gone
(40:52 / All) GODSTOPPINGFUN: y is he dumb
(40:52 / Allies) LINFINITE: pink is suiciding him
(41:09 / All) Blah: yellows gone, and pinks either killing our halls or suciding yellows units.
(41:29 / All) tacos: i think those two fags are cooperating
(41:33 / All) Blah: lol
(41:34 / All) GODSTOPPINGFUN: no way
(41:41 / All) Blah: probably.
(41:43 / All) ForestDweller: green is chaulk full of accusations
(41:48 / All) ForestDweller: baseless I might addd
(41:52 / All) tacos: blue is full of dick
(41:53 / All) GODSTOPPINGFUN: i am an innocent little bird
(41:57 / All) tacos: up to the base
(42:17 / All) ForestDweller: ORANGE TK
(42:18 / All) ForestDweller: ORANGE TK
(42:51 / All) GODSTOPPINGFUN: incredible micro
(42:54 / All) GODSTOPPINGFUN: green
(43:12 / All) Blah: lol weee
(43:44 / All) GODSTOPPINGFUN: has blue even got a hero yet
(43:50 / All) tacos: nope
(44:53 / All) GODSTOPPINGFUN: imba keepers
(45:14 / All) Blah: add a new fuck to my tk list...fuck up decent games the both of them. anyway, afk time
(45:19 / All) GODSTOPPINGFUN: lawl
(45:24 / All) GODSTOPPINGFUN: lets make it a standoff
(45:30 / All) GODSTOPPINGFUN: red purple vs green oj
(45:34 / All) GODSTOPPINGFUN: best internet connection wins
(46:14 / All) GODSTOPPINGFUN: lolz
(46:30 / All) F_U_C_K: lol red hell tp to hold you in spot you cant run
(46:52 / All) tacos: nice try faggot blue
(46:55 / All) ForestDweller: lol
(47:13 / All) GODSTOPPINGFUN: it seems
(47:16 / All) GODSTOPPINGFUN: i am gay
(47:31 / All) GODSTOPPINGFUN: freaking oj and green were pissing me off earlier in game
(47:35 / All) GODSTOPPINGFUN: that was the tough part
(47:45 / All) tacos: blah blah blah
(48:04 / All) Blah: sigh...faggots ruin this game..
(48:51 / All) GODSTOPPINGFUN: lucky ass
(48:55 / All) ForestDweller: so close
(49:01 / All) ForestDweller: I could have got him
(49:05 / All) tacos: you fags suck
(49:06 / All) ForestDweller: but he didn't tp wheere I expected
(49:08 / All) GODSTOPPINGFUN: lol
(49:12 / All) GODSTOPPINGFUN: "tacos" says we suck
(49:12 / All) ForestDweller: only got 2 hits on him with aps
(49:13 / All) GODSTOPPINGFUN: stupid spic
(49:27 / All) tacos: i eat tacos
(49:30 / All) tacos: doesnt make me mexican
(49:42 / All) ForestDweller: tacos are for fatties
(50:45 / All) GODSTOPPINGFUN: dang i have 9999 gold exactly
(50:45 / All) tacos: you guys both REALLY blow
(50:47 / All) F_U_C_K: well we know blue isnt the smartest person, if he got a hero and got the staff of teleport he could freeze green in place
(51:05 / All) ForestDweller: already got it dickhead!
(51:12 / All) F_U_C_K: lol
(51:15 / All) F_U_C_K: shh
(51:42 / All) GODSTOPPINGFUN: bad boy
(51:43 / All) tacos: YAAAAAAY
(51:46 / All) tacos: NOW KISS
(51:50 / All) ForestDweller: You're dead than dead
(51:54 / All) ForestDweller: You're SUPER DEAD
(52:09 / All) tacos: so now what do you two buttfuckers do
(55:17 / All) GODSTOPPINGFUN: red staying for all this just for a win
(56:13 / All) ForestDweller: want to just give red the loss?
(56:35 / All) GODSTOPPINGFUN: im thinking
(56:42 / All) GODSTOPPINGFUN: i cannot remember if red helped save my expo
(56:53 / All) GODSTOPPINGFUN: did u red
(56:54 / All) ForestDweller: He did
(56:56 / All) ForestDweller: I think
(57:14 / All) GODSTOPPINGFUN: oj u here
(57:24 / All) F_U_C_K: whats up
(57:25 / All) ForestDweller: yeah he detonated wisp
(57:36 / All) GODSTOPPINGFUN: will u stay in game if me and blue leave?
(57:37 / All) F_U_C_K: just made a sandwich
(57:40 / All) F_U_C_K: lol
(57:44 / All) F_U_C_K: sure
(57:49 / All) GODSTOPPINGFUN: it'll be u vs red, with no units left
(57:54 / All) GODSTOPPINGFUN: u get to control zepplins tho
(58:04 / All) GODSTOPPINGFUN: that cool?
(58:06 / All) F_U_C_K: fine
(58:09 / All) GODSTOPPINGFUN: aight
(58:10 / All) F_U_C_K: ill do my best
(58:30 / All) F_U_C_K: and if i do recall red didh\nt help you with shit until the end
(58:39 / All) F_U_C_K: fact
(58:48 / All) F_U_C_K: i might brb
(58:50 / All) GODSTOPPINGFUN: someone helped my initial
(58:51 / All) GODSTOPPINGFUN: expo
(58:57 / All) F_U_C_K: purp
(59:06 / All) GODSTOPPINGFUN: i only have 2 griffs left is ur side dead blue
(59:11 / All) F_U_C_K: he intangled me
(59:13 / All) ForestDweller: yes
(59:25 / All) GODSTOPPINGFUN: ok we'll whisper u tomorrow
(59:27 / All) GODSTOPPINGFUN: oj and red
(59:29 / All) GODSTOPPINGFUN: if game is still on
(59:32 / All) ForestDweller: good luck gents
(59:42 / All) ForestDweller: do your best and may the top internet prevail!